 Dungeon Crawl Stone Soup version bcrawl-1.40.3b (webtiles) character file.

Game seed: 13591642927108811388

231886 Finalfun the Basher (level 10, -6/106 HPs)
             Began as a Human Archaeologist on Mar 16, 2024.
             Was a Believer of the Shining One.
             Killed from afar by an efreet (11 damage)
             ... with a fireball
             ... on level 8 of the Dungeon.
             The game lasted 00:19:23 (9286 turns).

Finalfun the Basher (Human Archaeologist)           Turns: 9286, Time: 00:19:23

Health: -6/106     AC: 25    Str: 15    XL:     10   Next: 29%
Magic:  13/13      EV:  1    Int: 14    God:    the Shining One [**....]
Gold:   479        SH:  0    Dex: 12    Spells: 9/9 levels left

rFire    . . .     GDR:     46% y - +6 whip "Qeikoara" {slash, rN+}
rCold    . . .     SeeInvis .   (no shield)
rNeg     + + +     Gourm    .   (armour currently unavailable)
rPois    +         Faith    .   (helmet currently unavailable)
rElec    .         Spirit   .   (cloak currently unavailable)
rCorr    .         Reflect  .   (gloves currently unavailable)
MR       .....     NoTele   +   (boots currently unavailable)
Stlth    +.........             c - amulet of the acrobat
HPRegen  0.27/turn              (no ring)
MPRegen  0.13/turn              (no ring)

@: lethally poisoned (-6 -> -6), tree-form, glowing
A: giant
a: Divine Shield, Renounce Religion


You were on level 8 of the Dungeon.
You worshipped the Shining One.
The Shining One was pleased with you.
You were not hungry.
You were a tree.
You visited 2 branches of the dungeon, and saw 9 of its levels.
You also visited: Sewer.

You collected 479 gold pieces.

Inventory:

Hand Weapons
 b - a +0 blowgun
 h - a +2 demon blade of venom
 y - the +6 whip "Qeikoara" (weapon) {slash, rN+}
   (You took it off an orc on level 4 of the Dungeon)

   It will always inflict at least some extra damage.
   This minimum extra damage increases with your current reserve of magical
   power.
   It protects you from negative energy.
Missiles
 f - 4 curare-tipped needles
 w - 173 poisoned needles
 A - 63 poisoned tomahawks (quivered)
Armour
 d - a +1 hat (melded)
 s - a +1 pair of boots (melded)
 t - a +0 ring mail (melded)
 v - a +0 plate armour
Jewellery
 c - an amulet of the acrobat (around neck)
 D - the ring of Midwinter {Ice MR- Dex+4}
   (You found it on level 8 of the Dungeon)

   [ring of ice]

   It enhances your ice magic.
   It affects your dexterity (+4).
   It makes you vulnerable to fire.
   It protects you from cold.
   It affects your resistance to hostile enchantments.
Wands
 i - a wand of polymorph (11)
 z - a wand of charming (6)
 E - a wand of paralysis (3)
 F - a wand of random effects (8)
Scrolls
 g - 2 scrolls of fog {unknown}
 j - 3 scrolls of blinking
 l - 2 scrolls of teleportation {unknown}
 m - a scroll of enchant weapon {unknown}
 p - a scroll of noise
 r - a scroll of enchant armour {unknown}
 x - 3 scrolls of remove curse
 C - a scroll of amnesia {unknown}
 G - a scroll of revelation
Potions
 a - a potion of might
 k - a potion of resistance
 n - 3 potions of heal wounds
 o - 2 potions of lignification
 q - a potion of agility
 u - a potion of brilliance
 B - 3 potions of flight
 H - a potion of curing
Comestibles
 e - 5 rations {!d}


   Skills:
 - Level 4.0 Fighting
 - Level 4.5 Long Blades
 + Level 12.2 Maces & Flails
 - Level 4.0 Dodging
 - Level 4.0 Stealth
 - Level 4.0 Invocations
 - Level 4.0 Evocations


You had 9 spell levels left.
You didn't know any spells.
Your spell library was empty.

Dungeon Overview and Level Annotations

Branches:
Dungeon (8/12)             Temple (1/1) D:5
   Lair: D:7-9          Orc: D:8-11

Altars:
Ashenzari
Cheibriados
Dithmenos
Elyvilon
Fedhas
Gozag
Hepliaklqana
Kikubaaqudgha
Lugonu
Makhleb
Nemelex Xobeh
Okawaru
Qazlal
Ru
Sif Muna
Trog
Uskayaw
Vehumet
Wu Jian
Xom
Yredelemnul
Zin
The Shining One

Shops:
D:5 !   D:6 }

Annotations:
D:5 3 runed translucent doors, yrara's ghost, novice DsFi


Message History

You throw a poisoned tomahawk.
The poisoned tomahawk hits the efreet but does no damage.
The efreet is poisoned.
The efreet is lightly wounded.
You feel sick. The efreet gestures at you. The bolt of fire hits you.
* * * LOW HITPOINT WARNING * * *
Throwing (i - inventory)
A - 64 poisoned tomahawks (quivered)
Press: ? - help, Shift-Dir - straight line, f/p - efreet
Aim: an efreet, wielding a +1 scimitar of flaming (lightly wounded, poisoned)
You throw a poisoned tomahawk.
The poisoned tomahawk hits the efreet but does no damage.
The efreet is lightly wounded.
The efreet gestures at you.
The fireball explodes!
The fireball engulfs you!!
* * * LOW HITPOINT WARNING * * *
The efreet gestures at you.
The fireball explodes!
The fireball engulfs you!
You die...

#...# ....# ####
#.".##### .!.# #.... ..#
...# #.#.##..# ...#
#.#.....
...##########...#.#####
...................^<>#
################♣###....
#.)## . #..†# ##..#
.R... ..°..(. ..°......
....°..... .......


You could see an efreet.

Vanquished Creatures
  A hornet (D:7)
  Maurice (D:8)
  A hippogriff (D:7)
  Menkaure (D:4)
  A crocodile (D:7)
  An ice beast (D:6)
  An orc warrior (D:7)
  2 sky beasts
  A phantom (D:5)
  4 ogres
  A bullfrog (D:7)
  A kobold brigand (Sewer)
  A centaur (D:6)
  3 scorpions
  A water moccasin skeleton (D:8)
  8 killer bees
  2 orc priests
  4 crimson imps
  2 quasits (D:8)
  2 bullfrog zombies (D:6)
  A gnoll shaman (D:7)
  2 hounds
  A jelly (D:7)
  2 bullfrog skeletons
  2 iguanas
  6 worker ants
  Natasha (D:3)
  2 orc wizards
  2 hound zombies
  2 hound skeletons
  A worker ant zombie (D:5)
  9 adders
  5 gnolls (D:7)
  2 howler monkey skeletons
  2 shadow imps
  3 oozes
  4 worms
  2 dart slugs
  3 leopard geckos
  20 orcs
  10 bats
  6 giant cockroaches
  12 goblins
  5 hobgoblins
  6 jackals
  8 quokkas
  2 ball pythons
  5 frilled lizards
  11 kobolds
  A quokka skeleton (D:4)
  11 rats
188 creatures vanquished.

Notes
Turn   | Place    | Note
-------+----------+-------------------------------------------
     0 | D:1      | Finalfun the Human Archaeologist began the quest for the
                  | Orb.
     0 | D:1      | Reached XP level 1. HP: 15/15 MP: 1/1
    83 | D:1      | Reached XP level 2. HP: 18/21 MP: 2/2
   334 | D:1      | Reached XP level 3. HP: 25/26 MP: 3/3
   986 | D:2      | Found a glowing golden altar of the Shining One.
  1374 | D:2      | Reached XP level 4. HP: 28/34 MP: 4/4
  2246 | D:3      | Noticed Natasha
  2507 | D:3      | Reached XP level 5. HP: 39/42 MP: 5/5
  2507 | D:3      | Identified a scroll of acquirement
  2507 | D:3      | Identified the +2 pair of gloves of the Loofah {rElec rCorr
                  | Str+2 Int-5} (You acquired it on level 3 of the Dungeon)
  2507 | D:3      | Identified the ring "Roecinen" {Int+2 Slay+2 SInv} (You
                  | acquired it on level 3 of the Dungeon)
  2550 | D:2      | Became a worshipper of the Shining One
  2676 | D:3      | Found an ornate altar of the Wu Jian Council.
  2676 | D:3      | Found a white marble altar of Elyvilon.
  2676 | D:3      | Found an opulent altar of Gozag.
  2752 | D:3      | Reached skill level 1 in Long Blades
  3235 | D:3      | Found a basalt altar of Yredelemnul.
  3948 | D:4      | Noticed an ogre
  3987 | D:3      | HP: 2/42 [shadow imp/nerve-wracking pain[Natasha] (13)]
  3997 | D:3      | Killed Natasha
  3998 | D:3      | Reached XP level 6. HP: 29/48 MP: 6/6
  4217 | D:4      | Found a burning altar of Makhleb.
  4217 | D:4      | Identified the +6 whip "Qeikoara" {slash, rN+}
  4527 | D:4      | Noticed a sky beast
  4587 | D:4      | Reached skill level 2 in Maces & Flails
  4637 | D:4      | Noticed Menkaure
  4646 | D:4      | Killed Menkaure
  4647 | D:4      | Reached skill level 3 in Maces & Flails
  4647 | D:4      | Reached XP level 7. HP: 21/54 MP: 7/7
  4998 | D:4      | Reached skill level 4 in Maces & Flails
  5469 | D:4      | Reached skill level 5 in Maces & Flails
  5469 | D:4      | Reached XP level 8. HP: 60/60 MP: 8/8
  5490 | D:5      | Entered Level 5 of the Dungeon
  5560 | D:5      | Reached skill level 6 in Maces & Flails
  5650 | D:5      | Reached skill level 7 in Maces & Flails
  5652 | D:5      | Reached * piety under the Shining One
  5794 | D:5      | Found a staircase to the Ecumenical Temple.
  6130 | D:5      | Found a runed translucent gate.
  6130 | D:5      | Found a runed translucent gate.
  6130 | D:5      | Found a runed translucent gate.
  6138 | D:5      | Found Ikluhuck's Distillery.
  6198 | D:5      | Noticed yrara's ghost (novice DsFi)
  6327 | D:5      | Reached skill level 8 in Maces & Flails
  6489 | Temple   | Entered the Ecumenical Temple
  6601 | D:6      | Found a snail-covered altar of Cheibriados.
  6617 | D:6      | Found a glowing drain.
  6631 | Sewer    | Entered a sewer
  6773 | Sewer    | Found a white marble altar of Elyvilon.
  6860 | D:6      | Reached skill level 9 in Maces & Flails
  6860 | D:6      | Reached XP level 9. HP: 65/65 MP: 9/9
  6907 | D:6      | Found a shimmering blue altar of Sif Muna.
  7094 | D:6      | Found Oxtaf's Gadget Emporium.
  7101 | D:6      | Reached ** piety under the Shining One
  7642 | D:7      | Reached skill level 10 in Maces & Flails
  7889 | D:7      | Reached skill level 11 in Maces & Flails
  8316 | D:7      | Noticed a hippogriff
  8327 | D:7      | Killed a hippogriff
  8841 | D:7      | Noticed a hornet
  8852 | D:7      | Killed a hornet
  8853 | D:7      | Reached XP level 10. HP: 36/71 MP: 9/11
  9086 | D:8      | Noticed Maurice
  9097 | D:8      | Found a sacrificial altar of Ru.
  9108 | D:8      | Killed Maurice
  9167 | D:8      | Got a steaming tin ring
  9168 | D:8      | Identified the cursed ring of Midwinter {Ice MR- Dex+4}
                  | (You found it on level 8 of the Dungeon)
  9184 | D:8      | Found a bloodstained altar of Trog.
  9217 | D:8      | Reached skill level 12 in Maces & Flails
  9282 | D:8      | Noticed an efreet
  9286 | D:8      | HP: 5/106 [efreet/fireball (26)]
  9286 | D:8      | Killed from afar by an efreet

Skill      XL: |  1  2  3  4  5  6  7  8  9 10 |
---------------+-------------------------------+-----
Stealth        | 4 |  4.0
Dodging        | 4 |  4.0
Fighting       | 2 4 |  4.0
Long Blades    | 2 4 |  4.5
Maces & Flails | 3 5 9 11 12 | 12.2
Invocations    | 2 4 |  4.0
Evocations     | 2 4 |  4.0

Action                   |  1- 3 |  4- 6 |  7- 9 | 10-12 || total
-------------------------+-------+-------+-------+-------++-------
Melee: Whip              |   181 |   355 |   257 |    51 ||   844
 Fire: Blowgun           |       |     2 |       |       ||     2
Throw: Tomahawk          |       |       |     2 |     9 ||    11
Invok: Divine Shield     |       |       |     1 |       ||     1
  Use: Potion            |       |     3 |       |     1 ||     4
       Scroll            |       |     4 |     8 |     1 ||    13
 Stab: Sleeping          |     7 |     1 |       |       ||     8
  Eat: Chunk             |     6 |    18 |    14 |       ||    38
       Ration            |       |     1 |     1 |     1 ||     3
Armor: Robe              |    66 |    26 |       |       ||    92
       Ring mail         |       |    94 |    62 |     8 ||   164
       Skin              |       |    14 |       |    33 ||    47
Dodge: Dodged            |   148 |   198 |   142 |    21 ||   509
Block: Other             |       |       |     4 |       ||     4
